 Dungeon Crawl Stone Soup version 0.25.0-9-g26727b657a (webtiles) character file.

Game seed: 2978566118390690645

8053 funshine the Carver (level 11, -6/99 HPs)
             Began as a Minotaur Fighter on June 21, 2020.
             Was a High Priest of Okawaru.
             Mangled by a ten-headed hydra (14 damage)
             ... on level 1 of the Lair of Beasts.
             The game lasted 00:49:02 (9694 turns).

funshine the Carver (Minotaur Fighter)              Turns: 9694, Time: 00:49:03

Health: -6/99      AC: 10    Str: 21    XL:     11   Next: 4%
Magic:  5/10       EV: 10    Int:  5    God:    Okawaru [*****.]
Gold:   479        SH:  0    Dex: 13    Spells: 10/10 levels left

rFire    + . .     SeeInvis .   j - +5 great sword (freeze)
rCold    . . .     Gourm    .   (shield currently unavailable)
rNeg     . . .     Faith    .   B - +1 ring mail {rF+}
rPois    +         Spirit   .   s - +0 hat
rElec    .         Reflect  .   G - +1 cloak {rPois}
rCorr    .         Harm     .   (no gloves)
MR       .....                  (no boots)
Stlth    +.........             (no amulet)
HPRegen  0.26/turn              (no ring)
MPRegen  0.12/turn              (no ring)

@: mighty, finesse
A: retaliatory headbutt, horns 2
a: Heroism, Finesse, Renounce Religion


You were on level 1 of the Lair of Beasts.
You worshipped Okawaru.
Okawaru was extremely pleased with you.
You were not hungry.

You visited 3 branches of the dungeon, and saw 10 of its levels.

You collected 479 gold pieces.

Inventory:

Hand Weapons
 a - a +0 long sword
 e - a +2 quarterstaff of chaos
 j - a +5 great sword of freezing (weapon)
 n - a +1 war axe of holy wrath
 y - a +0 falchion
 A - a +1 vampiric whip
Missiles
 r - 37 poisoned darts (quivered)
Armour
 b - a +2 scale mail
 c - a +0 kite shield
 i - a +0 cloak
 s - a +0 hat (worn)
 u - a +2 pair of gloves
 x - a +1 leather armour of magic resistance
 B - a +1 ring mail of fire resistance (worn)
 C - the +0 kite shield "Gyvuk" {rF+ Str+3 Int-4 Dex-5}
   (You found it on level 4 of the Dungeon)

   It affects your strength (+3).
   It affects your intelligence (-4).
   It affects your dexterity (-5).
   It protects you from fire.
 G - a +1 cloak of poison resistance (worn)
Wands
 h - a wand of paralysis (6)
 t - a wand of flame (12)
 F - a wand of acid (8)
Scrolls
 g - 2 scrolls of fog
 m - 2 scrolls of immolation
 o - a scroll of blinking
 q - 3 scrolls of remove curse
 D - a scroll of magic mapping {unknown}
Potions
 d - a potion of might
 k - 2 potions of brilliance
 l - 2 potions of lignification
 p - 6 potions of curing
 v - 4 potions of degeneration
 w - 3 potions of haste
 z - a potion of heal wounds {unknown}
 E - 2 potions of flight {unknown}
Comestibles
 f - 8 rations


   Skills:
 + Level 9.8 Fighting
 * Level 12.5 Long Blades
 - Level 3.0 Throwing
 + Level 9.7 Armour
 + Level 9.6 Shields


You had 10 spell levels left.
You didn't know any spells.
Your spell library contained the following spells:

 Spells                   Type           Power        Failure   Level  Hunger
 Animate Skeleton         Necr           N/A          63%         1    ##.....
 Apportation              Tloc           #.....       63%         1    ##.....
 Corona                   Hex            #......      63%         1    ##.....
 Summon Small Mammal      Summ           #...         63%         1    ##.....
 Ensorcelled Hibernation  Hex/Ice        #.....       77%         2    ###....
 Confusing Touch          Hex            #.......     94%         3    ####...
 Dazzling Flash           Conj/Hex       #.....       94%         3    ####...
 Tukima's Dance           Hex            #.......     94%         3    ####...


Dungeon Overview and Level Annotations

Branches:
Dungeon (8/15)             Temple (1/1) D:7            Lair (1/6) D:8

Altars:
Ashenzari
Cheibriados
Dithmenos
Elyvilon
Fedhas
Gozag
Hepliaklqana
Kikubaaqudgha
Makhleb
Nemelex Xobeh
Okawaru
Qazlal
Ru
Sif Muna
Uskayaw
Wu Jian
Xom
Yredelemnul
Zin
The Shining One


Innate Abilities, Weirdness & Mutations

You reflexively headbutt those who attack you in melee.
You have a pair of horns on your head.


Message History

You freeze the ten-headed hydra.
The ten-headed hydra is almost dead.
You barely miss the ten-headed hydra.
The ten-headed hydra is almost dead.
The ten-headed hydra bites you. The ten-headed hydra bites you!
* * * LOW HITPOINT WARNING * * *
The ten-headed hydra bites you.
* * * LOW HITPOINT WARNING * * *
The ten-headed hydra bites you but does no damage.
The ten-headed hydra bites you!
* * * LOW HITPOINT WARNING * * *
The ten-headed hydra bites you but does no damage. x2
The ten-headed hydra bites you.
* * * LOW HITPOINT WARNING * * *
The ten-headed hydra bites you but does no damage. x2
You feel very mighty all of a sudden. The ten-headed hydra bites you.
* * * LOW HITPOINT WARNING * * *
The ten-headed hydra bites you!
You die...

......##.## .#.....
##...#.##..#
.......##...#..##.##
..................#
.#................#
..................#
..................#
..................##
............D@.....#
..................##
........###..#P##.##
#.......###.####...#
##......##.....##.##
#......#......##.#
#......#......##.#
#......##.....#P.#
##.......#.'#P+##.#


You could see a ten-headed hydra (slow).

Vanquished Creatures
  A two-headed ogre (D:8)
  A death yak (D:8)
  Maurice (D:8)
  Joseph (D:8)
  Psyche (D:8)
  A spiny frog (Lair:1)
  A komodo dragon (Lair:1)
  A hornet (D:7)
  A hippogriff (D:8)
  A spriggan (D:7)
  A wyvern (D:8)
  2 basilisks (D:8)
  A sky beast (D:6)
  2 orc warriors (D:8)
  A hornet zombie (D:7)
  12 ogres
  A phantom (D:6)
  3 centaurs
  Blork the orc (D:6)
  2 big kobolds (D:8)
  6 bullfrogs
  A wyvern zombie (D:8)
  4 scorpions
  A water moccasin skeleton (D:8)
  11 killer bees
  3 wights (D:6)
  4 crimson imps
  A bullfrog zombie (D:6)
  Crazy Yiuf (D:2)
  5 orc wizards
  6 orc priests
  2 gnoll shamans (D:8)
  2 hounds
  A centaur skeleton (D:4)
  6 worker ants
  A killer bee zombie (D:8)
  11 gnolls
  A howler monkey skeleton (D:8)
  9 adders
  A shadow imp (D:5)
  3 oozes (D:2)
  An adder zombie (D:8)
  2 worms
  A dart slug (D:4)
  4 leopard geckos
  22 orcs
  9 bats
  3 giant cockroaches
  7 goblins
  5 hobgoblins
  6 jackals
  A quokka (D:6)
  2 ball pythons
  13 frilled lizards
  10 kobolds
  A quokka skeleton (D:7)
  A quokka zombie (D:7)
  4 rats
  A bush (D:8)
  4 fungi (D:8)
  6 plants (D:8)
219 creatures vanquished.

Vanquished Creatures (others)
  2 fungi (D:8)
  5 plants (D:8)
7 creatures vanquished.

Grand Total: 226 creatures vanquished

Notes
Turn   | Place    | Note
-------+----------+-------------------------------------------
     0 | D:1      | funshine the Minotaur Fighter began the quest for the Orb.
     0 | D:1      | Reached XP level 1. HP: 19/19 MP: 0/0
   180 | D:1      | Reached XP level 2. HP: 27/27 MP: 1/1
   256 | D:1      | Reached skill level 3 in Long Blades
   641 | D:2      | Reached XP level 3. HP: 29/33 MP: 2/2
   773 | D:2      | Found a runed translucent door.
   774 | D:2      | Noticed Crazy Yiuf
   779 | D:2      | Killed Crazy Yiuf
   779 | D:2      | Reached XP level 4. HP: 27/40 MP: 3/3
  1009 | D:2      | Reached skill level 4 in Long Blades
  1131 | D:2      | Found a stormy altar of Qazlal.
  1133 | D:2      | Noticed a water elemental
  1134 | D:2      | Noticed a fire elemental
  1134 | D:2      | Noticed an air elemental
  1134 | D:2      | Noticed an earth elemental
  1621 | D:3      | Reached XP level 5. HP: 44/47 MP: 4/4
  1718 | D:3      | Found a shattered altar of Ashenzari.
  2033 | D:3      | Reached skill level 5 in Long Blades
  2471 | D:4      | Reached XP level 6. HP: 55/55 MP: 5/5
  2612 | D:4      | Reached skill level 5 in Fighting
  2612 | D:4      | Reached skill level 5 in Armour
  2612 | D:4      | Reached skill level 5 in Shields
  2970 | D:4      | Found an iron altar of Okawaru.
  2982 | D:4      | Became a worshipper of Warmaster Okawaru
  3168 | D:4      | Got an ancient kite shield
  3189 | D:4      | Identified the cursed +0 kite shield "Gyvuk" {rF+ Str+3
                  | Int-4 Dex-5} (You found it on level 4 of the Dungeon)
  3507 | D:5      | Entered Level 5 of the Dungeon
  3519 | D:5      | Found a blossoming altar of Fedhas.
  3583 | D:5      | Reached skill level 6 in Long Blades
  3583 | D:5      | Reached XP level 7. HP: 26/61 MP: 6/6
  3611 | D:5      | Found a white marble altar of Elyvilon.
  4411 | D:5      | Found a shadowy altar of Dithmenos.
  4876 | D:6      | Found a basalt altar of Yredelemnul.
  4933 | D:6      | Reached skill level 7 in Long Blades
  4970 | D:6      | Found a burning altar of Makhleb.
  5032 | D:6      | Reached * piety under Okawaru
  5058 | D:6      | Reached XP level 8. HP: 63/70 MP: 7/7
  5070 | D:6      | Reached skill level 1 in Throwing
  5326 | D:6      | Reached skill level 8 in Long Blades
  5696 | D:6      | Noticed Blork the orc
  5703 | D:6      | Killed Blork the orc
  5965 | D:7      | Reached ** piety under Okawaru
  6043 | D:7      | Noticed a hornet
  6048 | D:7      | Killed a hornet
  6109 | D:7      | Reached XP level 9. HP: 35/79 MP: 8/8
  6204 | D:7      | Found a hazy altar of Hepliaklqana.
  6224 | D:7      | Reached skill level 9 in Long Blades
  6464 | D:7      | Found a staircase to the Ecumenical Temple.
  6509 | D:7      | Found a sacrificial altar of Ru.
  7113 | Temple   | Entered the Ecumenical Temple
  7328 | D:8      | Reached skill level 10 in Long Blades
  7396 | D:8      | Reached *** piety under Okawaru
  7494 | D:8      | Noticed Psyche
  7497 | D:8      | Noticed a two-headed ogre
  7500 | D:8      | Killed Psyche
  7502 | D:8      | Killed a two-headed ogre
  7502 | D:8      | Received a gift from Okawaru
  7502 | D:8      | Reached XP level 10. HP: 75/90 MP: 9/9
  7679 | D:8      | Found a shimmering altar of Xom.
  7708 | D:8      | Reached skill level 11 in Long Blades
  7731 | D:8      | Found a staircase to the Lair.
  7775 | D:8      | Noticed Maurice
  7786 | D:8      | Killed Maurice
  7786 | D:8      | Reached **** piety under Okawaru
  7814 | D:8      | Noticed Joseph
  8205 | D:8      | Paralysed by Joseph for 3 turns
  8210 | D:8      | Killed Joseph
  8210 | D:8      | Received a gift from Okawaru
  8540 | D:8      | Reached skill level 12 in Long Blades
  8890 | D:8      | Noticed a death yak
  9167 | D:8      | Killed a death yak
  9167 | D:8      | Reached ***** piety under Okawaru
  9589 | Lair:1   | Entered Level 1 of the Lair of Beasts
  9589 | Lair:1   | Noticed a spiny frog
  9595 | Lair:1   | Killed a spiny frog
  9595 | Lair:1   | Reached XP level 11. HP: 46/99 MP: 10/10
  9677 | Lair:1   | Noticed a six-headed hydra
  9694 | Lair:1   | Mangled by a ten-headed hydra

Illustrated notes

Levels and vault maps discovered:
D:1:      giann_wishing_wells, layout_rooms, minmay_misc_feat_nine_boxes,
          minmay_misc_feat_tiny, minmay_misc_feat_chi
D:2:      layout_basic, nicolae_qazlal_style_of_elements,
          uniq_crazy_yiuf_cottage
D:3:      layout_rooms, nicolae_ashenzari_panopticon, minmay_lizard_king
D:4:      layout_loops_corners, okawaru_ov_weapons_minmay, first_ration
D:5:      layout_gridville, grunt_dithmenos_smoke_and_mirrors, elyvilon_altar_5,
          fedhas_ov_isle_minmay, roderic_lattice_a, kennysheep_cross_bottleneck
D:6:      layout_loops_corners, yredelemnul_altar_generic,
          nicolae_overflow_crystal_walls, hangedman_decor_clover_reticule,
          uniq_blork_the_orc
D:7:      layout_loops_corners, nicolae_ru_sacrificial_ziggurat,
          kennysheep_mini, minmay_temple_entry_trees, the_bakery
D:8:      kennysheep_seaside_town, layout_basic, brannock_xom_greatest_gift,
          david_lair_generic, kb_lookout_dungeons_type, uniq_joseph,
          uniq_maurice, uniq_psyche
Temple:   dpeg_three_leaves_temple
Lair:1:   layout_regular_city

Skill      XL: |  1  2  3  4  5  6  7  8  9 10 |
---------------+-------------------------------+-----
Long Blades    | 3 4 5 6 7 8 10 12 | 12.5
Fighting       | 4 5 6 7 8 9 |  9.8
Armour         | 4 5 6 7 8 9 |  9.7
Shields        | 4 5 6 7 8 9 |  9.6
Throwing       | 2 3 |  3.0

Action                   |  1- 3 |  4- 6 |  7- 9 | 10-12 || total
-------------------------+-------+-------+-------+-------++-------
Melee: Long sword        |    60 |   173 |    97 |       ||   330
       Headbutt          |     4 |    34 |    46 |    31 ||   115
       Great sword       |       |       |   100 |   142 ||   242
Invok: Finesse           |       |       |       |     1 ||     1
  Use: Scroll            |     6 |     3 |     7 |     5 ||    21
       Potion            |       |       |     1 |     3 ||     4
 Stab: Invisible         |       |       |       |     1 ||     1
  Eat: Chunk             |       |     5 |     1 |       ||     6
       Ration            |       |     1 |     4 |     2 ||     7
Armor: Scale mail        |    30 |    56 |       |       ||    86
       Ring mail         |       |     5 |    79 |    39 ||   123
Dodge: Dodged            |    28 |    57 |    96 |    71 ||   252
Block: Kite shield       |    45 |    95 |    52 |       ||   192
       Rpst.: Long sword |     5 |    16 |     6 |       ||    27
       Great sword       |       |       |    21 |    20 ||    41
